 Dungeon Crawl Stone Soup version 0.29-a0-380-gf50f0a9fbc (webtiles) character file.

Game seed: 17434190321962957532

318 Antichthon the Skirmisher (level 6, 0/38 (50) HPs)
             Began as a Formicid Abyssal Knight on May 5, 2022.
             Was a Priest of Lugonu.
             Slain by an orc
             ... wielding a +4 whip of draining
              (1 damage)
             ... on level 6 of the Dungeon.
             The game lasted 00:06:11 (4523 turns).

Antichthon the Skirmisher (Formicid Abyssal Knight) Turns: 4523, Time: 00:06:12

HP:   0/38 (50)     AC: 12    Str: 17    XL:     6   Next: 74%
MP:   7/7           EV:  9    Int: 10    God:    Lugonu [***...]
Gold: 174           SH:  0    Dex: 13    Spells: 5/5 levels left

rFire   x . .      SeeInvis +   a - +1 mace
rCold   + + .      Faith    .   (no shield)
rNeg    . . .      Spirit   .   q - +0 ice dragon scales
rPois   .          Reflect  .   (helmet unavailable)
rElec   .          Harm     .   (no cloak)
rCorr   .          Rampage  .   c - +0 pair of gloves
Will    .....                   g - +0 pair of boots
Stlth   ..........              k - amulet of the acrobat
HPRegen 0.12/turn               (no ring)
MPRegen 0.10/turn               (no ring)

@: heavily drained
A: permanent stasis, dig shafts and tunnels, antennae 3, four strong arms
a: Dig, Shaft Self, Renounce Religion, Depart the Abyss, Bend Space, Banish


You were on level 6 of the Dungeon.
You worshipped Lugonu.
Lugonu was most pleased with you.
You visited 1 branch of the dungeon, and saw 6 of its levels.
You visited the Abyss 1 time.

You collected 174 gold pieces.

Inventory:

Hand Weapons
 a - a +1 mace (weapon)
Armour
 c - a +0 pair of gloves (worn)
 g - a +0 pair of boots (worn)
 q - +0 ice dragon scales (worn)
Jewellery
 b - a ring of wizardry
 k - an amulet of the acrobat (around neck)
Scrolls
 l - a scroll of immolation
Potions
 d - 2 potions of brilliance
 f - 2 potions of curing {unknown}
 h - a potion of invisibility {unknown}
 i - a potion of berserk rage {unknown}
 j - a potion of lignification {unknown}
 m - a potion of attraction {unknown}
 n - 2 potions of flight {unknown}
 o - a potion of haste {unknown}
 p - 2 potions of heal wounds {unknown}
 r - a potion of ambrosia {unknown}


   Skills:
 * Level 4.8 Fighting
 - Level 2.0 Maces & Flails
 * Level 3.6 Crossbows
 * Level 3.0 Armour
 * Level 1.3 Dodging
 * Level 1.9 Stealth
 * Level 1.5 Shields
 * Level 2.6 Invocations
 * Level 1.1 Evocations


You had 5 spell levels left.
You didn't know any spells.
Your spell library was empty.

Dungeon Overview and Level Annotations

Branches:
Dungeon (7/15)
 Temple: D:4-7

Altars:
Fedhas
Gozag
Hepliaklqana
Kikubaaqudgha
Makhleb
Yredelemnul

Shops:
D:3 (

Annotations:
D:3 Eustachio


Innate Abilities, Weirdness & Mutations

You cannot be hasted, slowed, berserked, paralysed or teleported.
You can dig through walls and to a lower floor.
You have a pair of large antennae on your head. (SInv)
Your four strong arms can wield two-handed weapons with a shield.


Message History

The orc hits you but does no damage.
You feel drained. The orc hits you with a +0 flail.
You closely miss the orc priest.
The orc priest is moderately wounded.
The orc priest closely misses you. The orc barely misses you.
The orc hits you but does no damage.
You hit the orc priest but do no damage.
The orc priest is moderately wounded.
The orc priest hits you but does no damage.
The orc barely misses you. The orc hits you with a +0 flail.
You barely miss the orc priest.
The orc priest is moderately wounded.
The orc hits you with a +0 flail.
The orc hits you with a +4 whip of draining!
* * * LOW HITPOINT WARNING * * *
You feel drained.
* * * LOW HITPOINT WARNING * * *
The orc priest hits you but does no damage. x2
The orc misses you. The orc barely misses you.
You barely miss the orc priest.
The orc priest is moderately wounded.
The orc priest hits you but does no damage.
The orc hits you but does no damage.
You feel drained. The orc hits you but does no damage.
You thump the orc priest!
The orc priest is severely wounded.
The orc priest hits you but does no damage.
The orc barely misses you. x2
You closely miss the orc priest.
The orc priest is severely wounded.
The orc hits you but does no damage. x2; You feel drained.
The orc priest hits you with a +0 dagger.
* * * LOW HITPOINT WARNING * * *
The orc hits you with a +0 flail.
* * * LOW HITPOINT WARNING * * *
The orc priest barely misses you.
The orc hits you with a +4 whip of draining.
* * * LOW HITPOINT WARNING * * *
You feel drained.
You die...

... ##.)..##..
....#........
#?..#.......#
............###
..............#
#..............
#......oo..#
.......@#
..###.o## ....#
.§.... §≈≈≈.
#≈≈.. §#≈≈ ≈..


You could see an orc priest and 2 orcs.

Vanquished Creatures
  A centaur (D:3)
  2 hounds (D:3)
  Natasha (thrice) (D:3)
  A gnoll (D:3)
  A worm (D:1)
  4 dart slugs
  3 orcs (D:3)
  11 bats
  5 endoplasms
  2 giant cockroaches
  10 goblins
  8 hobgoblins
  3 quokkas
  11 ball pythons
  2 frilled lizards (D:2)
  5 kobolds
  8 rats
80 creatures vanquished.

Notes
Turn   | Place    | Note
-------+----------+-------------------------------------------
     0 | Abyss:1  | Antichthon the Formicid Abyssal Knight began the quest for
                  | the Orb.
     0 | Abyss:1  | Reached XP level 1. HP: 18/18 MP: 2/2
   119 | D:1      | Escaped the Abyss
   379 | D:1      | Found a faded altar of an unknown god.
   413 | D:1      | Reached skill level 1 in Crossbows
   435 | D:1      | Reached XP level 2. HP: 23/24 MP: 3/3
  1011 | D:1      | Reached XP level 3. HP: 29/29 MP: 4/4
  1803 | D:2      | Reached XP level 4. HP: 35/35 MP: 5/5
  1854 | D:2      | Reached *** piety under Lugonu
  2432 | D:3      | Found a blossoming altar of Fedhas.
  2433 | D:3      | Found a burning altar of Makhleb.
  2433 | D:3      | Found a basalt altar of Yredelemnul.
  2435 | D:3      | Found a hazy altar of Hepliaklqana.
  2436 | D:3      | Found an opulent altar of Gozag.
  2439 | D:3      | Found an ancient bone altar of Kikubaaqudgha.
  2782 | D:3      | Found Jabimaic's Weapon Shoppe.
  2959 | D:3      | Noticed a centaur
  2980 | D:3      | Killed a centaur
  2981 | D:3      | Reached skill level 4 in Fighting
  2981 | D:3      | Reached skill level 1 in Dodging
  2981 | D:3      | Reached skill level 1 in Stealth
  2981 | D:3      | Reached skill level 1 in Shields
  2981 | D:3      | Reached XP level 5. HP: 34/42 MP: 6/6
  3065 | D:3      | Reached XP level 6. HP: 44/48 MP: 7/7
  3069 | D:3      | Reached skill level 1 in Evocations
  3650 | D:4      | Noticed Natasha
  3668 | D:3      | Killed Natasha
  3767 | D:3      | Noticed Natasha
  3777 | D:3      | Killed Natasha
  4066 | D:3      | Found a blossoming altar of Fedhas.
  4067 | D:3      | Found a burning altar of Makhleb.
  4067 | D:3      | Found a basalt altar of Yredelemnul.
  4070 | D:3      | Found a hazy altar of Hepliaklqana.
  4076 | D:3      | Found an opulent altar of Gozag.
  4077 | D:3      | Found an ancient bone altar of Kikubaaqudgha.
  4080 | D:3      | Noticed Natasha
  4089 | D:3      | Killed Natasha
  4101 | D:3      | Found Jabimaic's Weapon Shoppe.
  4114 | D:4      | Noticed Eustachio
  4506 | D:4      | You fall into a shaft and drop 3 floors!
  4523 | D:6      | HP: 1/40 [orc/+4 whip of draining (2)]
  4523 | D:6      | Slain by an orc

Illustrated notes

Levels and vault maps discovered:
D:1:      elethiomel_arrival_shortcut, layout_rooms,
          shapermc_ecumenical_altar_mp_highgroup, minmay_tetromino_i2
D:2:      layout_rooms, minmay_misc_feat_cross, moated_statue, chequers_avenue,
          minmay_increasing_density
D:3:      layout_basic, grunt_temple_overflow_open, serial_shops, shop,
          cheibrodos_gnoll_hut
D:4:      layout_loops_ring, serial_co_window_serial, co_window_corner_a,
          co_window_of_opportunity_a, co_window_paths_a, co_window_paths_a,
          co_window_of_opportunity_a, co_window_corner_cb, co_window_broadway_c,
          co_window_broadway_c, co_window_broadway_c, co_window_paths_c,
          co_window_unsneaky_path_b, co_window_corner_ca, glass_columns_a,
          uniq_eustachio, uniq_natasha
D:6:      layout_cave_pools, nicolae_qazlal_general_emergency,
          minmay_temple_entry_proselytizer, nicolae_specific_store,
          minmay_misc_feat_chi, st_stairs_6, nicolae_inconvenience_store
D:7:      layout_cave_pods, biasface_ghost_orc_armoury, uniq_maggie

Skill      XL: |  1  2  3  4  5  6 |
---------------+-------------------+-----
Crossbows      | 1 2 3 |  3.6
Fighting       | 4 |  4.8
Dodging        | 1 |  1.3
Stealth        | 1 |  1.9
Shields        | 1 |  1.5
Evocations     | 1 |  1.1
Armour         | 3 |  3.0
Maces & Flails | |  2.0
Invocations    | |  2.6

Action                   |  1- 3 |  4- 6 || total
-------------------------+-------+-------++-------
Melee: Mace              |   125 |   177 ||   302
       Punch             |     1 |     2 ||     3
  Use: Scroll            |       |     6 ||     6
Armor: Ring mail         |    46 |       ||    46
       Chain mail        |    55 |    81 ||   136
       Ice dragon scales |       |    67 ||    67
Dodge: Dodged            |    99 |   131 ||   230

Table legend: (Time is in decaauts)
 A = Elapsed time spent in this place.
 B = Non-inter-level travel time spent in this place.
 C = Inter-level travel time spent in this place.
 D = Time resting spent in this place.
 E = Time spent auto-exploring this place.
 F = Levels seen in this place.
 G = Mean time per level.
                   A        B        C        D        E       F      G
               +--------+--------+--------+--------+--------+-----+--------+
         Total |   4616 |   4438 |    178 |    246 |   3258 |   7 |  659.4 |
       Dungeon |   4497 |   4319 |    178 |    246 |   3147 |   6 |  749.5 |
         Abyss |    119 |    119 |      0 |      0 |    111 |   1 |  119.0 |
               +--------+--------+--------+--------+--------+-----+--------+

Top non-repeatable levels by time:
     D:3: 1930 daAuts
     D:1: 1165 daAuts
     D:2: 1033 daAuts
     D:4: 348 daAuts
 Abyss:1: 119 daAuts
     D:6: 12 daAuts
     D:7: 6 daAuts
